 Dungeon Crawl Stone Soup version 0.21.1-1-g345015f (webtiles) character file.

720 Fang the Chopper (level 7, -8/44 HPs)
             Began as a Gargoyle Berserker on May 23, 2018.
             Was a Priest of Trog.
             Mangled by Fattybiggles's ghost (11 damage)
             ... on level 5 of the Dungeon.
             The game lasted 00:06:00 (4216 turns).

Fang the Chopper (Gargoyle Berserker)               Turns: 4216, Time: 00:06:00

Health: -8/44      AC: 10    Str: 23    XL:     7   Next: 70%
Magic:  7/7        EV: 12    Int: 12    God:    Trog [***...]
Gold:   252        SH:  0    Dex:  9    Spells: 6/6 levels left

rFire    . . .     SeeInvis +   a - +2 hand axe
rCold    + . .     Gourm    .   (no shield)
rNeg     + + .     Faith    .   s - +0 ring mail "Cim Loasm" {+Blink rPois rC+ rN+ Int+5}
rPois    ∞         Spirit   .   (no helmet)
rElec    +         Reflect  .   (no cloak)
rCorr    .         Harm     .   (no gloves)
MR       .....                  (no boots)
Stlth    +.........             (no amulet)
HPRegen  0.14/turn              x - ring of see invisible
MPRegen  0.10/turn              (no ring)

@: berserk cooldown, slowed, very slow
A: negative energy resistance 1, electricity resistance, unbreathing,
petrification resistance, rot immunity, AC +4
a: Berserk, Trog's Hand, Burn Spellbooks, Renounce Religion, Evoke Blink


You were on level 5 of the Dungeon.
You worshipped Trog.
Trog was most pleased with you.
You were near starving.

You visited 1 branch of the dungeon, and saw 5 of its levels.
You also visited: Sewer.

You collected 252 gold pieces.

Inventory:

Hand Weapons
 a - a +2 hand axe (weapon)
Armour
 s - the +0 ring mail "Cim Loasm" (worn) {+Blink rPois rC+ rN+ Int+5}
   (You found it on level 4 of the Dungeon)

   It affects your intelligence (+5).
   It protects you from cold.
   It protects you from poison.
   It protects you from negative energy.
   It lets you blink.
Jewellery
 d - an uncursed ring of stealth {unknown}
 x - a ring of see invisible (left hand)
Scrolls
 b - a scroll of fear
 f - 3 scrolls of remove curse
 g - 2 scrolls of enchant weapon
 k - 5 scrolls of identify
 r - 2 scrolls of teleportation
Potions
 e - a potion of lignification {unknown}
 h - 3 potions of curing
 l - 2 potions of flight
 t - a potion of might
 v - a potion of magic
 w - a potion of heal wounds
Comestibles
 c - 5 rations


   Skills:
 + Level 5.3 Fighting
 + Level 5.7 Axes
 + Level 4.0 Armour
 + Level 3.1 Dodging
 + Level 0.5 Stealth


You had 6 spell levels left.
You didn't know any spells.

Dungeon Overview and Level Annotations

Branches:
Dungeon (5/15)
 Temple: D:4-7

Altars:
Ru
Sif Muna

Annotations:
D:5 Fattybiggles's ghost, novice GrFi


Innate Abilities, Weirdness & Mutations

You are resistant to torment.
Your stone body is resilient. (AC +4)
You are immune to poison.
You resist negative energy. (rN+)
You are resistant to electric shocks. (rElec)
You can survive without breathing.
You are immune to petrification.
You are immune to rotting.


Message History

Fattybiggles's ghost is moderately damaged.
Fattybiggles's ghost hits you.
* * * LOW HITPOINT WARNING * * *
You hit Fattybiggles's ghost but do no damage.
Fattybiggles's ghost is moderately damaged.
Fattybiggles's ghost closely misses you.
Fattybiggles's ghost hits you.
* * * LOW HITPOINT WARNING * * *
You hit Fattybiggles's ghost but do no damage.
Fattybiggles's ghost is moderately damaged.
Fattybiggles's ghost hits you but does no damage.
You hit Fattybiggles's ghost.
Fattybiggles's ghost is moderately damaged.
Fattybiggles's ghost closely misses you.
Fattybiggles's ghost hits you.
* * * LOW HITPOINT WARNING * * *
You hit Fattybiggles's ghost but do no damage.
Fattybiggles's ghost is moderately damaged.
Fattybiggles's ghost hits you!
You die...

#### # ...## ..#
######...#(...
#......#...... #.#
#@...# # #.#
#W#[#...[. #.#)#
#.#.# ...
#.#.###.#.# #
#.........#
###.###.### # #.#
#.###.##...
###.###....W.....
####...........##...


You could see Fattybiggles's ghost.

Vanquished Creatures
  The ghost of FunkleMcDunkle the Cudgeler, an amateur GrBe of Trog (D:4)
  A centaur (D:3)
  2 scorpions (D:4)
  A centaur zombie (D:5)
  A centaur skeleton (D:4)
  Ijyb (D:3)
  2 worker ants
  A worker ant zombie (D:5)
  A gnoll (D:1)
  9 adders
  An ooze (D:3)
  2 worms
  A dart slug (D:1)
  4 leopard geckos
  10 orcs
  6 giant cockroaches
  10 goblins
  7 hobgoblins
  16 jackals
  3 ball pythons (Sewer)
  8 bats
  5 frilled lizards
  13 kobolds
  A leopard gecko skeleton (D:4)
  8 rats
115 creatures vanquished.

Notes
Turn   | Place    | Note
-------+----------+-------------------------------------------
     0 | D:1      | Fang the Gargoyle Berserker began the quest for the Orb.
     0 | D:1      | Reached XP level 1. HP: 14/14 MP: 1/1
   147 | D:1      | Reached XP level 2. HP: 16/19 MP: 2/2
   442 | D:1      | Reached XP level 3. HP: 24/24 MP: 3/3
   904 | D:2      | Reached ** piety under Trog
  1223 | D:2      | Reached XP level 4. HP: 21/29 MP: 4/4
  1709 | D:2      | Found a sacrificial altar of Ru.
  1874 | D:3      | Noticed Ijyb
  1898 | D:3      | Killed Ijyb
  1898 | D:3      | Reached XP level 5. HP: 31/34 MP: 5/5
  2259 | D:3      | Found a deep blue altar of Sif Muna.
  2447 | D:4      | Noticed a centaur
  2466 | D:3      | Reached *** piety under Trog
  2585 | D:3      | Killed a centaur
  2585 | D:3      | Reached XP level 6. HP: 22/39 MP: 6/6
  2846 | D:4      | Got a smoking ring mail
  2858 | D:4      | Found a glowing drain.
  2869 | Sewer    | Entered a sewer
  3498 | D:4      | Identified the +0 ring mail "Cim Loasm" {+Blink rPois rC+ rN+ Int+5} (You found it on level 4 of the Dungeon)
  3771 | D:4      | Reached skill level 5 in Fighting
  3771 | D:4      | Reached skill level 5 in Axes
  3771 | D:4      | Reached XP level 7. HP: 34/44 MP: 7/7
  3911 | D:4      | Noticed FunkleMcDunkle's ghost (amateur GrBe)
  3926 | D:4      | Killed FunkleMcDunkle's ghost
  4113 | D:5      | Entered Level 5 of the Dungeon
  4183 | D:5      | Noticed Fattybiggles's ghost (novice GrFi)
  4216 | D:5      | Mangled by Fattybiggles's ghost

Skill      XL: |  1  2  3  4  5  6  7 |
---------------+----------------------+-----
Fighting       | 4 5 |  5.3
Axes           | 3 4 5 |  5.7
Dodging        | 2 3 |  3.1
Armour         | 3 4 |  4.0
Stealth        | |  0.5

Action                   |  1- 3 |  4- 6 |  7- 9 || total
-------------------------+-------+-------+-------++-------
Melee: Hand axe          |   100 |   264 |    59 ||   423
Invok: Berserk           |     2 |     1 |     2 ||     5
  Use: Scroll            |       |    17 |       ||    17
  Eat: Chunk             |     3 |     7 |     1 ||    11
       Ration            |       |     1 |       ||     1
Armor: Animal skin       |    50 |    11 |       ||    61
       Scale mail        |       |   154 |       ||   154
       Ring mail         |       |    10 |    15 ||    25
Dodge: Dodged            |    71 |   219 |    29 ||   319
